 Dungeon Crawl Stone Soup version 0.30.1-11-g7821555f0a (webtiles) character file.

Game seed: 16092031932157365799

74 cdecastro the Slasher (level 4, -8/38 HPs)
             Began as an Armataur Warper on Dec 20, 2023.
             Was a Follower of Dithmenos.
             Killed from afar by an orc wizard (9 damage)
             ... with a puff of flame
             ... on level 6 of the Dungeon.
             The game lasted 00:05:46 (2035 turns).

cdecastro the Slasher (Armataur Warper)             Turns: 2035, Time: 00:05:46

Health: -8/38      AC:  6    Str: 17    XL:     4   Next: 10%
Magic:  6/6        EV:  7    Int: 15    God:    Dithmenos [*.....]
Gold:   103        SH:  0    Dex:  9    Spells: 4/6 levels left

rFire   . . .        a - +0 falchion
rCold   . . .        (no shield)
rNeg    . . .        i - +0 scale mail
rPois   .            (no helmet)
rElec   .            (no cloak)
rCorr   .            (no gloves)
SInv    .            (no barding)
Will    .....        (no amulet) Stlth
                     e - ring of wizardry
HPRegen 0.26/turn    (no ring)
MPRegen 0.10/turn

%: roll, wizardry (x1)
@: wreathed by umbra
A: large, rugged brown scales 3, deformed body, armoured tail, roll, long
tongue, awkward tongue
a: Renounce Religion


You were on level 6 of the Dungeon.
You worshipped Dithmenos.
Dithmenos was aware of your devotion.
You visited 1 branch of the dungeon, and saw 5 of its levels.

You collected 103 gold pieces.

Inventory:

Hand Weapons
 a - a +0 falchion (weapon)
 b - a +1 sling of freezing
Missiles
 d - 7 boomerangs of dispersal (quivered)
 k - 27 stones
Armour
 i - a +0 scale mail (worn)
 t - a +0 leather armour
 v - a +0 ring mail
Jewellery
 e - a ring of wizardry (left hand)
 q - an amulet of faith
Wands
 o - a wand of roots (2)
Scrolls
 c - a scroll of blinking
 g - a scroll of teleportation {unknown}
 h - a scroll of brand weapon {unknown}
 l - 2 scrolls of identify {unknown}
 n - a scroll of noise {unknown}
 r - a scroll of vulnerability {unknown}
 w - a scroll of poison {unknown}
Potions
 f - 2 potions of mutation {unknown}
 j - a potion of curing {unknown}
 m - a potion of brilliance {unknown}
 p - a potion of attraction {unknown}
 s - a potion of heal wounds {unknown}
 u - 2 potions of resistance {unknown}


   Skills:
 - Level 1.7 Fighting
 + Level 4.0 Long Blades
 - Level 0.8 Throwing
 - Level 1.2 Armour
 - Level 1.3 Dodging
 - Level 1.7 Spellcasting
 - Level 3.0 Translocations


You had 4 spell levels left.
You knew the following spells:

 Your Spells              Type           Power      Damage    Failure   Level
a - Blink                 Tloc           20%        N/A       14%         2

Your spell library contained the following spells:

 Spells                   Type           Power      Damage    Failure   Level
 Lesser Beckoning         Tloc           20%        N/A       14%         2
 Teleport Other           Tloc           10%        N/A       26%         3
 Vhi's Electric Charge    Tloc/Air       10%        N/A       43%         3
 Manifold Assault         Tloc           10%        N/A       63%         4
 Summon Forest            Summ/Tloc      2%         N/A       98%         5
 Eringya's Noxious Bog    Tmut/Pois      0%         N/A       100%        6
 Summon Hydra             Summ           0%         N/A       100%        7


Dungeon Overview and Level Annotations

Branches:
Dungeon (6/15)
 Temple: D:4-7

Altars:
Dithmenos
Zin

Shops:
D:3 *


Innate Abilities, Weirdness & Mutations

You are completely covered in rugged brown scales. (AC +3, +7% HP)
Armour fits poorly on your strangely shaped body.
You have a long armoured tail.
You roll when moving toward enemies. (Rampage)
Your long tongue fully drains potion bottles. (2x potion effects)
Your tongue gives you trouble enunciating. (1.5x scroll delay)


Message History

An orc wizard appears from thin air!
Reactivating autopickup.
The orc wizard hits you but does no damage.
The orc wizard mumbles some strange words.
The orc wizard flickers and vanishes!
Deactivating autopickup; reactivate with Ctrl-A.
There is a stone staircase leading up here.
You closely miss something. Something hits you but does no damage.
You closely miss something. Something hits you but does no damage.
You closely miss something.
Your tail-slap misses something.
Something hits you.
You completely miss something.
You hear some strange, mumbled words.
A puff of flame appears from out of thin air!
The puff of flame hits you!
* * * LOW HITPOINT WARNING * * *
You miss something. Something hits you but does no damage.
You barely miss something. Something hits you.
* * * LOW HITPOINT WARNING * * *
You miss something.
Your tail-slap misses something.
You hear some strange, mumbled words.
A magic dart appears from out of thin air!
The magic dart hits you!
* * * LOW HITPOINT WARNING * * *
Something hits you but does no damage.
You barely miss something.
Your tail-slap misses something.
Something completely misses you.
You miss something. Something hits you but does no damage.
You barely miss something. Something hits you.
* * * LOW HITPOINT WARNING * * *
You closely miss something.
Your tail-slap misses something.
You hear some strange, mumbled words.
A puff of flame appears from out of thin air!
The puff of flame hits you.
* * * LOW HITPOINT WARNING * * *
You miss something.
You hear some strange, mumbled words.
A puff of flame appears from out of thin air!
The puff of flame hits you!
You die...

#.#.#.##.........#.#
#.#.#.##.........#
#.#.#.##.........#
#.....#..........#
#................#
#........#..........#
#........#..........#
#........#.{........#
#........#@##########
#........###
####.#.>.. #.######


There were no monsters in sight!

Vanquished Creatures
  An adder (D:5)
  A white imp (D:5)
  An ufetubus (D:5)
  2 dart slugs (D:2)
  4 bats
  7 endoplasms
  6 goblins
  3 jackals (D:2)
  8 kobolds
  3 quokkas
  3 ball pythons
  4 frilled lizards
  3 rats (D:1)
46 creatures vanquished.

Notes
Turn   | Place    | Note
-------+----------+-------------------------------------------
     0 | D:1      | cdecastro the Armataur Warper began the quest for the Orb.
     0 | D:1      | Reached XP level 1. HP: 18/18 MP: 3/3
    55 | D:1      | Reached skill level 2 in Long Blades
   192 | D:1      | Reached XP level 2. HP: 25/25 MP: 4/4
   508 | D:1      | Reached skill level 3 in Long Blades
   523 | D:1      | Found a faded altar of an unknown god.
   832 | D:1      | Prayed at the altar of an unknown god.
   832 | D:1      | Became a worshipper of Dithmenos the Shadowed
   832 | D:1      | Reached * piety under Dithmenos
   936 | D:2      | Reached XP level 3. HP: 31/31 MP: 5/5
  1715 | D:3      | Found Zin's Purification Station.
  1715 | D:3      | Found a glowing silver altar of Zin.
  1715 | D:3      | You fall into a shaft and drop 3 floors!
  1789 | D:6      | Learned a level 2 spell: Blink
  1790 | D:5      | Entered Level 5 of the Dungeon
  1876 | D:5      | Reached skill level 4 in Long Blades
  1876 | D:5      | Reached XP level 4. HP: 26/38 MP: 6/6
  1880 | D:5      | Reached ** piety under Dithmenos
  2034 | D:6      | HP: 1/38 [something/puff of flame (6)]
  2035 | D:6      | Killed from afar by an orc wizard

Illustrated notes

Levels and vault maps discovered:
D:1:      roderic_dead_forest, layout_basic, chequers_ecumenical_altar_lobes
D:2:      layout_loops_ring, guppyfry_early_lair_pool
D:3:      layout_basic, zin_purify, uniq_robin
D:5:      layout_loops_ring, minitemple, hangedman_decor_lopped
D:6:      layout_basic, serial_undead, serial_undead_a, serial_undead_d,
          serial_undead_d, serial_undead_b, serial_undead_c, serial_undead_e,
          guppyfry_early_elven_hall, uniq_duvessa

Skill      XL: |  1  2  3 |
---------------+----------+-----
Long Blades    | 2 3 4 |  4.0
Fighting       | |  1.7
Throwing       | |  0.8
Armour         | |  1.2
Dodging        | |  1.3
Spellcasting   | |  1.7
Translocations | |  3.0

Action                     |  1- 3 |  4- 6 || total
---------------------------+-------+-------++-------
  Melee: Falchion          |   155 |    17 ||   172
         Tailslap          |    12 |       ||    12
         Punch             |     1 |       ||     1
 Armour: Leather armour    |     4 |       ||     4
         Scale mail        |    83 |    10 ||    93
  Dodge: Dodged            |    62 |     8 ||    70
